Cogmind - Beta 13 @@@ ROGUE MODE // 2024.05.12 @ 22:39:59 Player: Millea Result: Self-destructed Performance ------------- Evolutions (8) 4000 Regions Visited (19) 3800 Robots Destroyed (276) 1380 Value Destroyed (13146) 13146 Prototype IDs (31) 620 Alien Tech Used (0) 0 Bonus (4651) 4651 TOTAL SCORE: 27597 Bonus ------- High Alert Combat Kills 1736 Follower Combat Kills 261 Entered Garrisons 800 Used RIF Installer 2000 Aligned with FarCom 300 Friendly Fire -446 Cogmind --------- Core Integrity 1387/1450 Matter 300/300 Energy 140/340 System Corruption 12% Temperature Warm (132) Movement Treading (135) Location -2/Research Parts ------- > --- POWER (2) -------- Particle Reactor > --- PROPULSION (6) --- Experimental Biometal Heavy Treads > --- UTILITY (12) ----- Advanced Heat Sink Advanced Heat Sink Large Storage Unit Enhanced Optical Array Quantum Capacitor Improved Dynamic Insulation System > --- WEAPON (3) ------- Enhanced Nova Cannon Enhanced Nova Cannon Railgun > --- INVENTORY (15) --- Improved Fusion Compressor Huge Storage Unit Makeshift Trap Scanner Authchip [Armor] Long-range Tractor Beam Enhanced Nova Cannon KE Penetrator Gamma Bomb Array Axe Peak State ------------ > --- POWER ------------ Quantum Reactor Light Quantum Reactor > --- PROPULSION ------- Advanced Heavy Treads Improved Heavy Siege Treads Advanced Heavy Siege Treads > --- UTILITY ---------- Advanced Power Amplifier Advanced Heat Sink Advanced Heat Sink Advanced Heat Sink Large Storage Unit Enhanced Optical Array Advanced Signal Interpreter Advanced Targeting Computer Layered Heavy Armor Plating Advanced Focal Shield Improved Dynamic Insulation System > --- WEAPON ----------- Enhanced Nova Cannon Enhanced Nova Cannon Enhanced Nova Cannon > --- INVENTORY -------- Improved Fusion Compressor Particle Reactor Centrium Leg Advanced Heat Sink Huge Storage Unit Energy Well Makeshift Trap Scanner Authchip [Armor] Long-range Tractor Beam Enhanced Nova Cannon Enhanced Nova Cannon KE Penetrator Railgun Gamma Bomb Array Axe [Rating: 165] Favorites ----------- Power Micro Nuclear Core Engine Light Ion Engine Power Core Micro Nuclear Core Reactor Light Quantum Reactor Propulsion Light Treads Treads Light Treads Leg Aluminum Leg Wheel Armored Huge Wheel Flight Unit Field Propulsion Drive Utility Large Storage Unit Device Improved Heat Sink Storage Large Storage Unit Processor Advanced Targeting Computer Hackware Relay Coupler [Sentry] Protection Improved Medium Armor Plating Weapon KE Penetrator Energy Gun Gatling Laser Energy Cannon Phase Cannon Ballistic Gun KE Penetrator Ballistic Cannon Magnetic Acceleration Cannon Launcher Gamma Bomb Array Special Weapon Remote Datajack Special Melee Weapon Datajack Build | -11 -10 -10 -10 -9 -8 -8 -7 -7 -7 -6 -6 -6 -5 -5 -5 -4 -4 -3 -2 ------- Run | Yrd Mat Min Exi Min Mat Gar Fac Gar Fac Fac Gar Fac Fac Upp Upp Fac Gar Res Res Slots Evolved 16 | . . . . . 4 . 2 . . 2 . . 2 . . 2 . 2 2 Power 1 | . . . . . . . 1 . . . . . . . . . . . . Propulsion 4 | . . . . . 1 . . . . 1 . . . . . . . . 2 Utility 10 | . . . . . 2 . 1 . . 1 . . 2 . . 2 . 2 . Weapon 1 | . . . . . 1 . . . . . . . . . . . . . . Parts Attached 305 | 7 6 1 1 . 4 58 8 33 23 11 30 13 19 10 3 7 21 12 38 Power 36 | 1 1 1 . . . 4 1 4 3 . 6 2 3 . . . 4 1 5 Engine 6 | 1 . 1 . . . 1 . . . . 3 . . . . . . . . Core 20 | . 1 . . . . 3 1 4 3 . . 1 3 . . . 2 . 2 Reactor 10 | . . . . . . . . . . . 3 1 . . . . 2 1 3 Propulsion 55 | 2 . . . . 1 15 . 6 2 1 8 . 3 3 . 3 1 2 8 Treads 37 | 2 . . . . 1 14 . 1 1 . 7 . . 3 . 1 1 2 4 Leg 8 | . . . . . . . . 5 . . 1 . 1 . . . . . 1 Wheel 8 | . . . . . . . . . 1 1 . . 1 . . 2 . . 3 Hover . | . . . . . . . . . . . . . . . . . . . . Flight 2 | . . . . . . 1 . . . . . . 1 . . . . . . Utility 113 | 2 4 . 1 . 2 18 5 12 3 6 11 4 8 4 2 4 7 6 14 Device 51 | 1 1 . . . 1 1 1 7 1 2 4 1 5 2 1 2 7 3 11 Storage 7 | 1 1 . 1 . . . 1 . . . . . 1 1 1 . . . . Processor 7 | . . . . . . . . . . 1 1 . 1 1 . 2 . . 1 Hackware 7 | . . . . . . . 2 2 1 2 . . . . . . . . . Protection 41 | . 2 . . . 1 17 1 3 1 1 6 3 1 . . . . 3 2 Artifact . | . . . . . . . . . . . . . . . . . . . . Weapon 101 | 2 1 . . . 1 21 2 11 15 4 5 7 5 3 1 . 9 3 11 Energy Gun 23 | 2 . . . . . 8 2 6 2 . 1 . . . 1 . 1 . . Energy Cannon 30 | . 1 . . . . . . . 10 2 4 . . . . . 2 2 9 Ballistic Gun 29 | . . . . . 1 10 . . 1 . . 2 5 2 . . 6 1 1 Ballistic Cannon 7 | . . . . . . . . 4 1 1 . 1 . . . . . . . Launcher 6 | . . . . . . . . . . . . 4 . 1 . . . . 1 Special Weapon 2 | . . . . . . . . . 1 1 . . . . . . . . . Impact Weapon . | . . . . . . . . . . . . . . . . . . . . Slashing Weapon . | . . . . . . . . . . . . . . . . . . . . Piercing Weapon . | . . . . . . . . . . . . . . . . . . . . Special Melee Weapon 4 | . . . . . . 3 . 1 . . . . . . . . . . . Unidentified Prototypes 6 | . . . . . . . . . 2 1 . 1 . . . . . . 2 Corrupted Parts 3 | . . . . . . . . . . . . . . 1 2 . . . . System Corruption 15 | . . . . . . . . . . . . . . 5 10 . . . . Parts Lost 94 | . . 1 . . . 10 . 12 1 2 9 11 3 10 . 3 8 10 14 Power 14 | . . 1 . . . 2 . 1 1 . 2 3 1 . . . 1 1 1 Propulsion 19 | . . . . . . 3 . 2 . . 1 . 1 3 . 1 2 3 3 Utility 45 | . . . . . . 4 . 5 . 1 5 5 1 5 . 2 3 4 10 Weapon 16 | . . . . . . 1 . 4 . 1 1 3 . 2 . . 2 2 . Highest Loss Streak 9 | . . 1 . . . 4 . 7 1 1 4 5 2 9 . 3 3 9 5 To Critical Strikes 3 | . . . . . . . . 1 . . . . 1 1 . . . . . Average Slot Usage (%) 88 | . 100 100 100 100 100 97 95 98 88 79 85 67 68 86 90 88 93 86 76 Engine 1 | . 4 8 14 14 9 2 . . . . 6 . . . . . . . . Core 7 | . 9 5 . . . 5 12 14 14 13 . . 9 11 11 10 9 . . Reactor 2 | . . . . . . . . . . . 5 10 . . . . . 9 7 Treads 12 | . 28 28 28 28 27 26 23 5 5 . 7 . . 12 17 13 12 12 8 Leg 3 | . . . . . . . . 16 4 . . 6 4 1 . . . . . Wheel 2 | . . . . . . . . . 5 13 7 . . 1 . 1 5 1 5 Device 14 | . 5 . . . 9 5 3 17 14 10 9 14 23 19 17 17 25 25 23 Storage 7 | . 14 14 14 14 9 9 8 7 7 6 6 5 4 9 12 15 12 4 4 Processor 3 | . . . . . . . . . . 5 4 4 2 9 11 12 10 9 9 Protection 9 | . 8 14 14 14 18 20 22 8 6 7 14 5 5 . . . . 7 3 Energy Gun 6 | . 24 14 14 14 9 11 19 11 . . . 3 . . 1 5 1 . . Energy Cannon 6 | . 3 14 14 14 9 1 . . 14 17 18 10 . . . . . 1 11 Ballistic Gun 4 | . . . . . 9 11 . . . . . . 13 16 14 10 12 12 . Ballistic Cannon 1 | . . . . . . . . 10 7 1 . . . . . . . . . Naked Turns . | . . . . . . . . . . . . . . . . . . . . Heaviest Build 127 | 13 23 23 31 31 37 59 70 68 77 85 100 107 67 72 63 66 80 114 127 Greatest Support 225 | 40 40 40 40 40 60 60 60 60 35 56 90 90 90 74 74 81 100 145 225 Greatest Overweight (x) 18 | . . . . . . 6 1 4 2 1 3 3 18 16 . 6 6 . 7 Average Overweight (x) . | . . . . . . . . . 1 1 . . . 1 . . . . 1 Largest Inventory Capacity 15 | 8 10 10 15 15 15 15 15 15 15 15 15 15 15 15 15 15 15 15 15 Average Capacity 14 | 7 9 10 10 15 15 15 15 15 15 15 15 13 13 15 15 15 15 15 15 Most Carried 15 | 6 10 10 12 12 11 15 15 15 15 15 15 15 15 15 15 15 15 15 15 Average Carried 13 | 4 8 9 9 12 9 14 13 13 14 13 13 13 12 13 14 14 13 14 14 Final Capacity 15 | 8 10 10 15 15 15 15 15 15 15 15 15 5 15 15 15 15 15 15 15 Final Carried 15 | 6 10 9 12 12 10 15 15 15 15 14 14 4 15 14 15 15 14 13 9 Class Distribution -------------------- 22% | Scavenger-Skirmisher 20% | Scavenger-Tank 13% | Mutant 12% | Tank 7% | Skirmisher 5% | Scavenger-Gunner 5% | Commander-Mutant 4% | Commander-Skirmisher 4% | Commander-Tank Dominant Class ---------------- Mutant | -10/Materials Mutant | -10/Mines Mutant | -10/Exiles Mutant | -9/Mines Tank | -8/Materials Scavenger-Tank | -8/Garrison Commander-Tank | -7/Factory Scavenger-Skirmisher | -7/Garrison Commander-Skirmisher | -7/Factory Skirmisher | -6/Factory Tank | -6/Garrison Tank | -6/Factory Tank | -5/Factory Scavenger-Gunner | -5/Upper Caves Scavenger-Gunner | -5/Upper Caves Scavenger-Skirmisher | -4/Factory Scavenger-Skirmisher | -4/Garrison Scavenger-Tank | -3/Research Scavenger-Skirmisher | -2/Research Resources | -11 -10 -10 -10 -9 -8 -8 -7 -7 -7 -6 -6 -6 -5 -5 -5 -4 -4 -3 -2 ----------- Run | Yrd Mat Min Exi Min Mat Gar Fac Gar Fac Fac Gar Fac Fac Upp Upp Fac Gar Res Res Matter Collected 6169 | 224 106 10 . 10 . 1066 76 537 430 386 560 247 384 313 7 176 590 360 687 Remotely 20 | . . . . . . . . . . . . . . . . . . . 20 Salvage Created 13069 | 38 468 23 . 189 . 1265 76 1265 325 658 1567 1937 608 510 . 216 858 657 2409 Parts 651 | 4 30 2 . 7 . 90 8 42 15 36 46 104 30 18 . 17 36 49 117 Haulers Intercepted 5 | . 2 . . . . . . . . 1 . 1 1 . . . . . . Recyclers Shooed 6 | 1 . . . . . . 1 . . 1 . 2 . . . . . 1 . Parts Field Recycled . | . . . . . . . . . . . . . . . . . . . . Retrieved Matter . | . . . . . . . . . . . . . . . . . . . . Parts Self-Destructed 10 | . . . . . . . . . . . . . . 10 . . . . . Prevented 10 | . . . . . . . . . . . . . . 10 . . . . . Kills | -11 -10 -10 -10 -9 -8 -8 -7 -7 -7 -6 -6 -6 -5 -5 -5 -4 -4 -3 -2 ------- Run | Yrd Mat Min Exi Min Mat Gar Fac Gar Fac Fac Gar Fac Fac Upp Upp Fac Gar Res Res Combat Hostiles Destroyed 220 | . 8 2 . 4 . 33 2 33 6 11 27 28 7 7 . 2 11 5 34 Melee 1 | . . . . . . 1 . . . . . . . . . . . . . Guns 95 | . 6 . . 1 . 30 2 23 . . . 3 7 5 . 2 11 5 . Cannons 88 | . . 2 . 3 . 2 . 9 6 10 23 8 . . . . . . 25 AOE 18 | . 2 . . . . . . . . . . 8 . 2 . . . . 6 Classes Destroyed 20 | 1 6 . . 2 . 4 . 1 1 . 1 3 . . . . . . 1 Worker 16 | . . . . . . . . . 1 1 . 2 1 . . 3 . 4 4 Builder 15 | . 1 . . . . . . . . 2 . 5 1 . . 1 . 4 1 Tunneler 2 | 2 . . . . . . . . . . . . . . . . . . . Hauler 5 | . 2 . . . . . . . . 1 . 1 1 . . . . . . Recycler 3 | . 1 . . . . . . . . . . . . . . . . 1 1 Mechanic 1 | . . . . . . . . . . . . 1 . . . . . . . Watcher 11 | . 2 . . . . 1 . . 1 . 1 1 . . . 1 . 1 3 Swarmer 52 | . 2 2 . . . 13 . 7 . 1 6 5 . 1 . . . . 15 Cutter 1 | . . . . . . . . . . . . . . . . . . . 1 Saboteur 2 | . . . . . . 1 1 . . . . . . . . . . . . Grunt 73 | . 6 . . 2 . 5 2 19 . 4 11 9 2 1 . . 8 1 3 Brawler 16 | . . . . 1 . 1 . 4 . . 5 1 1 2 . . . . 1 Duelist 2 | . . . . 1 . . . . . . . . . 1 . . . . . Protector 3 | . . . . . . . . . . . . 3 . . . . . . . Sentry 24 | . . . . . . 10 . 2 2 . 3 . 1 2 . . . 1 3 Specialist 7 | . . . . . . 1 . . . . . 4 . . . . . . 2 Hunter 11 | . . . . . . . . 1 2 2 . 3 1 . . . 2 . . Programmer 26 | . . . . . . 3 . . 2 5 . 1 2 . . 2 . 3 8 Heavy 2 | . . . . . . . . . . . . 2 . . . . . . . Behemoth 4 | . . . . . . . . . . . 2 . . . . . 1 . 1 Best Kill Streak 12 | 1 4 2 . 2 . 8 2 11 2 5 4 12 3 6 . 3 3 9 12 Combat Bots Only 11 | . 2 2 . 2 . 8 2 11 2 2 4 9 3 6 . 2 3 1 9 Max Kills in Single Turn 4 | 1 2 1 . 1 . 2 1 2 1 1 1 3 2 1 . 1 1 2 4 Gunslinging 1 | . . . . . . 1 . 1 . . . . . . . . . . . Exploded 3 | . 2 . . . . . . . . . . 3 . 1 . . . . 3 Melee 1 | . . . . . . 1 . . . . . . . . . . . . . Uniques/NPCs Destroyed . | . . . . . . . . . . . . . . . . . . . . Combat | -11 -10 -10 -10 -9 -8 -8 -7 -7 -7 -6 -6 -6 -5 -5 -5 -4 -4 -3 -2 -------- Run | Yrd Mat Min Exi Min Mat Gar Fac Gar Fac Fac Gar Fac Fac Upp Upp Fac Gar Res Res Hostile Shots Fired 1901 | . 25 8 . 6 . 187 5 274 60 86 222 500 36 54 . 16 131 67 224 Missed 589 | . 8 1 . 2 . 49 3 95 24 32 71 177 13 18 . 3 35 16 42 Damage Taken 21868 | . 176 76 . 64 . 1813 49 2329 327 1153 2263 4467 424 917 . 272 1117 1553 4868 Core 1440 | . 32 . . 28 . 156 . 190 12 94 97 499 . 88 . 21 77 83 63 Absorbed by Shields 716 | . . . . . . . . 85 . . . 326 125 97 . . 83 . . Reduced by Siege Mode 807 | . . . . . . . . . . . . . . . . . 7 . 800 Redirected to Shielding 183 | . . . . . . . . . . . . 115 68 . . . . . . Ignored by Resistances 1160 | . . . . . . . . . . . . . 10 29 . . 545 95 481 Core Remaining (%) 76 | 100 . . . 76 . 71 . . 71 . . 18 . . 91 . 91 93 . Volleys Fired 658 | 6 30 2 . 9 . 109 4 63 25 43 74 43 29 16 . 19 45 49 92 Largest 3 | 2 2 2 . 2 . 3 3 3 3 3 3 3 3 3 . 3 3 3 3 Hottest 360 | 100 110 110 . 110 . 240 240 240 210 210 255 264 99 146 . 160 217 99 360 Shots Fired 1668 | 12 60 4 . 18 . 248 12 162 64 112 221 106 87 35 . 53 131 128 215 Gun 880 | 12 56 2 . 9 . 221 12 122 . . . 33 87 32 . 53 121 118 2 Cannon 759 | . 4 2 . 9 . 27 . 40 58 107 221 61 . . . . 10 10 210 Launcher 18 | . . . . . . . . . . . . 12 . 3 . . . . 3 Special 11 | . . . . . . . . . 6 5 . . . . . . . . . Kinetic 639 | . . . . . . 143 . 40 15 20 10 20 87 32 . 38 114 118 2 Thermal 958 | 12 60 4 . 18 . 68 12 117 43 87 211 74 . . . 15 17 10 210 Explosive . | . . . . . . . . . . . . . . . . . . . . Electromagnetic 60 | . . . . . . 37 . 5 . . . 12 . 3 . . . . 3 Robot Hit Streak 32 | 10 9 2 . 4 . 17 5 15 8 15 14 10 9 10 . 7 12 14 32 Robot Miss Streak 7 | 1 4 3 . 2 . 4 3 5 3 7 6 3 2 3 . 5 3 3 5 Penetration Max 1 | . . . . . . . . . . . . . 1 . . 1 1 1 . Secondary Targets 17 | . . . . . . 4 . 7 . . . . 1 . . 1 4 . . Max Gunslinging Chain 1 | . . . . . . 1 . 1 . . . . 1 . . 1 1 . . Capacitor 16 | . . . . . . . . . . . . . . . . . . . 16 Shots Hit Robots 1004 | 10 35 2 . 11 . 132 13 115 37 55 124 68 57 26 . 27 82 69 141 Core Hits 555 | 3 22 1 . 5 . 55 7 93 12 23 43 87 21 26 . 11 32 30 84 Critical Kills 13 | . . . . . . . . . . . 4 3 . . . . 4 . 2 Critical Parts Destroyed 5 | . . . . . . . . . . . . . 2 . . . 2 1 . Critical Strikes 25 | 1 3 1 . . . . . . . . 5 4 2 . . . 6 1 2 Burn 5 | 1 3 1 . . . . . . . . . . . . . . . . . Meltdown 9 | . . . . . . . . . . . 4 3 . . . . . . 2 Destroy 9 | . . . . . . . . . . . . . 2 . . . 6 1 . Blast 2 | . . . . . . . . . . . 1 1 . . . . . . . Melee Attacks 21 | . . . . . . 13 6 2 . . . . . . . . . . . Impact . | . . . . . . . . . . . . . . . . . . . . Slashing . | . . . . . . . . . . . . . . . . . . . . Piercing . | . . . . . . . . . . . . . . . . . . . . Sneak Attacks 20 | . . . . . . 13 6 1 . . . . . . . . . . . Combat Hostiles . | . . . . . . . . . . . . . . . . . . . . Follow-up Attacks . | . . . . . . . . . . . . . . . . . . . . Damage Inflicted 32270 | 123 821 50 . 197 . 2002 166 2876 891 1897 3980 4789 1239 1013 . 835 2097 2110 7184 Guns 12284 | 123 451 13 . 75 . 1672 166 2385 . . . 644 1239 582 . 835 1957 2088 54 Cannons 15563 | . . 37 . 122 . 330 . 491 891 1897 3980 1434 . . . . 140 . 6241 Explosions 4368 | . 370 . . . . . . . . . . 2694 . 431 . . . . 873 Melee . | . . . . . . . . . . . . . . . . . . . . Ramming 55 | . . . . . . . . . . . . 17 . . . . . 22 16 Kinetic 9327 | . . . . . . 1080 . 491 279 456 246 391 1239 582 . 522 1899 2088 54 Thermal 19082 | 123 451 50 . 197 . 841 166 2385 612 1441 3734 2124 . . . 313 198 . 6447 Explosive 370 | . 370 . . . . . . . . . . . . . . . . . . Electromagnetic 3436 | . . . . . . 81 . . . . . 2257 . 431 . . . . 667 Impact . | . . . . . . . . . . . . . . . . . . . . Slashing . | . . . . . . . . . . . . . . . . . . . . Piercing . | . . . . . . . . . . . . . . . . . . . . Highest Corruption 17 | . . . . . . 6 . 5 7 7 7 11 . 7 17 1 1 15 12 Average Corruption 5 | . . . . . . 5 . 5 5 3 7 8 . 6 9 1 1 3 7 Corruption Purged . | . . . . . . . . . . . . . . . . . . . . Corruption Blocked . | . . . . . . . . . . . . . . . . . . . . Effects 236 | . . . . . . 50 . 26 34 6 30 26 . 14 4 2 5 9 30 Message Errors 51 | . . . . . . 14 . 10 7 2 4 4 . 2 1 . . 1 6 Matter Fused 67 | . . . . . . 9 . 9 12 2 10 3 . 4 2 . . 3 13 Heat Flow Errors 21 | . . . . . . 5 . . 3 1 3 4 . 2 . . 2 . 1 Energy Discharges 35 | . . . . . . 8 . 1 6 . 2 5 . 3 1 1 . 2 6 Parts Rejected 3 | . . . . . . 1 . . . . 2 . . . . . . . . Parts Fused 2 | . . . . . . 1 . . . . 1 . . . . . . . . Data Loss (minor) 25 | . . . . . . 7 . 4 3 . 4 2 . 1 . 1 1 . 2 Data Loss (major) 9 | . . . . . . 1 . . 1 1 1 2 . 1 . . 1 . 1 Misfires 9 | . . . . . . 1 . 2 1 . 1 3 . . . . . 1 . Alerts 7 | . . . . . . 2 . . 1 . 1 3 . . . . . . . Misdirections 2 | . . . . . . . . . . . . . . . . . . 2 . Weapon Failures 5 | . . . . . . 1 . . . . 1 . . 1 . . 1 . 1 Overload Shots . | . . . . . . . . . . . . . . . . . . . . Overflow Damage 516 | . 21 16 . . . 7 . 5 24 49 62 47 . . . . . . 285 Projectiles 484 | . . 16 . . . 7 . 5 24 49 62 36 . . . . . . 285 Explosions 32 | . 21 . . . . . . . . . . 11 . . . . . . . Melee . | . . . . . . . . . . . . . . . . . . . . Knockbacks 5 | . . . . . . . . 2 . 3 . . . . . . . . . Impact . | . . . . . . . . . . . . . . . . . . . . Kinetic 5 | . . . . . . . . 2 . 3 . . . . . . . . . Secondary . | . . . . . . . . . . . . . . . . . . . . Self-Inflicted Damage 271 | . . . . . . . . . . . . . . 72 . . . . 199 Shots 18 | . . . . . . . . . . . . . . 8 . . . . 10 Rammed 8 | . . . . . . . 1 . . . . . . . . . . 4 3 Targets Rammed 10 | . . . . . . . 1 . . . . 2 . . . . . 4 3 Kicked 2 | . . . . . . . . . . . . 2 . . . . . . . Crushed . | . . . . . . . . . . . . . . . . . . . . Highest Temperature 510 | 138 216 123 . 189 . 375 278 377 323 363 495 222 69 162 . 120 312 . 510 Average Temperature 117 | 62 74 66 . 94 . 117 131 148 117 126 145 83 23 42 . 48 89 . 145 Received Heat Transfer 4176 | . 72 9 . 36 . 423 45 934 18 157 924 680 57 75 . . 413 18 315 Effects 18 | . . . . . . 3 . . . 1 6 . . . . . 1 . 7 Shutdowns 7 | . . . . . . 1 . . . 1 2 . . . . . . . 3 Energy Bleed 4 | . . . . . . . . . . . 1 . . . . . . . 3 Interference 4 | . . . . . . 2 . . . . 2 . . . . . . . . Short Circuit 3 | . . . . . . . . . . . 1 . . . . . 1 . 1 Siege Activations 10 | . . . . . . . . . . . . . . . . . 1 . 9 Total Turns 224 | . . . . . . . . . . . . . . . . . 20 . 204 Longest Duration 50 | . . . . . . . . . . . . . . . . . 20 . 50 Robots Corrupted 8 | . . . . . . . . . . . . 7 . . . . . . 1 Combat Hostiles 8 | . . . . . . . . . . . . 7 . . . . . . 1 Parts Fried 32 | . . . . . . 1 . . . . . 27 . . . . . . 4 Impact Corruptions . | . . . . . . . . . . . . . . . . . . . . Robots Melted 12 | . . . . . . . . 1 . 2 4 3 . . . . . . 2 Combat Hostiles 10 | . . . . . . . . 1 . 1 4 2 . . . . . . 2 Parts Melted 70 | 3 3 . . 1 . 10 . 15 5 5 5 12 . . . 1 . . 10 Heat Transferred 26198 | 444 1554 185 . 481 . 1869 375 5425 955 2017 4477 2246 . . . 370 222 . 5578 Parts Sabotaged 23 | . . . . . . 19 . . . . . . . . . . . . 4 Parts Stolen . | . . . . . . . . . . . . . . . . . . . . Parts Stripped . | . . . . . . . . . . . . . . . . . . . . Power Chain Reactions 7 | . . . . . . . . . . . . 5 . . . . . . 2 Alert | -11 -10 -10 -10 -9 -8 -8 -7 -7 -7 -6 -6 -6 -5 -5 -5 -4 -4 -3 -2 ------- Run | Yrd Mat Min Exi Min Mat Gar Fac Gar Fac Fac Gar Fac Fac Upp Upp Fac Gar Res Res Peak Influence 1386 | 10 173 167 . 189 73 1386 742 1154 661 308 831 952 634 . . 222 239 198 694 Initial 727 | . 6 8 . . 73 50 727 129 605 125 215 433 461 . . 131 25 134 . Average 405 | 4 94 69 . 157 73 713 351 700 411 95 568 554 531 . . 153 110 112 206 Maximum Alert Level 4 | . . . . . . 4 3 4 2 1 3 3 2 . . 1 1 . 2 Low Security (%) 35 | 100 100 100 . 100 100 5 40 6 3 81 . . . . . 85 86 100 43 Level 1 20 | . . . . . . 23 35 19 47 18 24 . . . . 14 13 . 41 Level 2 24 | . . . . . . 23 . 15 49 . 43 80 100 . . . . . 15 Level 3 15 | . . . . . . 24 23 53 . . 32 19 . . . . . . . Level 4 4 | . . . . . . 22 . 5 . . . . . . . . . . . Level 5 . | . . . . . . . . . . . . . . . . . . . . High Security . | . . . . . . . . . . . . . . . . . . . . Max Security . | . . . . . . . . . . . . . . . . . . . . Squads Dispatched 29 | . 1 . . . . . 2 . 3 4 . 8 . . . 1 . 4 6 Investigation 3 | . 1 . . . . . . . 1 1 . . . . . . . . . Extermination 10 | . . . . . . . 1 . 2 2 . 1 . . . 1 . 1 2 Reinforcement 14 | . . . . . . . 1 . . 1 . 6 . . . . . 3 3 Assault 2 | . . . . . . . . . . . . 1 . . . . . . 1 Garrison . | . . . . . . . . . . . . . . . . . . . . Intercept . | . . . . . . . . . . . . . . . . . . . . Searches Triggered . | . . . . . . . . . . . . . . . . . . . . Construction Impeded 2 | . . . . . . . . . . . . 2 . . . . . . . Haulers Reinforced 4 | . . . . . . . . . . 1 . 2 . . . . . 1 . Active Scanning Responses . | . . . . . . . . . . . . . . . . . . . . Cargo Convoy Interrupts 1 | . . . . . . . . . . . . 1 . . . . . . . Stealth | -11 -10 -10 -10 -9 -8 -8 -7 -7 -7 -6 -6 -6 -5 -5 -5 -4 -4 -3 -2 --------- Run | Yrd Mat Min Exi Min Mat Gar Fac Gar Fac Fac Gar Fac Fac Upp Upp Fac Gar Res Res Distress Signals 5 | . . . . . . . . . . 2 . . . . . . . 1 2 Communications Jammed . | . . . . . . . . . . . . . . . . . . . . Distress Signals . | . . . . . . . . . . . . . . . . . . . . Times Spotted 311 | . 15 3 . 7 . 40 5 35 8 15 31 51 8 11 . 5 12 11 54 Peak Tracking Total 13 | . 2 3 . 3 . 5 2 8 2 4 7 13 3 9 . 2 3 5 9 Tactical Retreats 13 | . 1 . . . . 3 . . . 1 1 2 . 2 . . 1 . 2 Traps | -11 -10 -10 -10 -9 -8 -8 -7 -7 -7 -6 -6 -6 -5 -5 -5 -4 -4 -3 -2 ------- Run | Yrd Mat Min Exi Min Mat Gar Fac Gar Fac Fac Gar Fac Fac Upp Upp Fac Gar Res Res Traps Triggered 23 | . 1 . . . . 3 . 10 . 2 2 3 . . . . . . 2 Indirectly 1 | . . . . . . . . . . . . 1 . . . . . . . Trap Hack Attempts . | . . . . . . . . . . . . . . . . . . . . Triggered . | . . . . . . . . . . . . . . . . . . . . Disarmed . | . . . . . . . . . . . . . . . . . . . . Reprogrammed . | . . . . . . . . . . . . . . . . . . . . Reused . | . . . . . . . . . . . . . . . . . . . . Traps Extracted . | . . . . . . . . . . . . . . . . . . . . Installed . | . . . . . . . . . . . . . . . . . . . . Triggered . | . . . . . . . . . . . . . . . . . . . . Machines | -11 -10 -10 -10 -9 -8 -8 -7 -7 -7 -6 -6 -6 -5 -5 -5 -4 -4 -3 -2 ---------- Run | Yrd Mat Min Exi Min Mat Gar Fac Gar Fac Fac Gar Fac Fac Upp Upp Fac Gar Res Res Machines Disabled 17 | . 3 . . . . 4 1 4 . . 1 . 2 . . 1 . . 1 Max in Single Turn 2 | . 2 . . . . 1 . 1 . . 1 . 1 . . 1 . . 1 Garrison Access 1 | . . . . . . . . . . . . . . . . . . . 1 Garrison Relay 8 | . . . . . . 4 . 4 . . . . . . . . . . . Machines Repaired . | . . . . . . . . . . . . . . . . . . . . Machines Dismantled . | . . . . . . . . . . . . . . . . . . . . Machines Sabotaged . | . . . . . . . . . . . . . . . . . . . . Overloaded Fab Kills . | . . . . . . . . . . . . . . . . . . . . Hacking | -11 -10 -10 -10 -9 -8 -8 -7 -7 -7 -6 -6 -6 -5 -5 -5 -4 -4 -3 -2 --------- Run | Yrd Mat Min Exi Min Mat Gar Fac Gar Fac Fac Gar Fac Fac Upp Upp Fac Gar Res Res Machines Accessed 36 | . 7 . 2 . 1 2 3 1 5 3 1 . 2 . . 2 1 2 4 Terminals 21 | . 7 . . . . 2 . 1 3 2 1 . . . . 1 1 1 2 Fabricators 3 | . . . . . . . 1 . 1 . . . . . . . . . 1 Repair Stations 1 | . . . . . . . . . . . . . 1 . . . . . . Recycling Units 2 | . . . . . . . 1 . . . . . 1 . . . . . . Scanalyzers 2 | . . . . . . . . . 1 . . . . . . . . 1 . Garrison Access 5 | . . . . . 1 . 1 . . 1 . . . . . 1 . . 1 Total Hacks 79 | . 18 . 2 . 1 3 6 1 19 10 2 . 4 . . 2 1 4 6 Successful 37 | . 3 . 2 . 1 1 3 1 10 5 1 . 3 . . 2 1 3 1 Failed 41 | . 14 . . . . 2 3 . 9 5 1 . 1 . . . . 1 5 Catastrophic 8 | . 2 . . . . 1 1 . 2 1 . . . . . . . . 1 Database Lockouts 1 | . 1 . . . . . . . . . . . . . . . . . . Manual 30 | . 17 . 1 . . . 3 . 6 3 . . . . . . . . . Terminals 49 | . 18 . . . . 3 . 1 8 9 2 . . . . 1 1 2 4 Fabricators 7 | . . . . . . . 3 . 3 . . . . . . . . . 1 Repair Stations 2 | . . . . . . . . . . . . . 2 . . . . . . Recycling Units 4 | . . . . . . . 2 . . . . . 2 . . . . . . Scanalyzers 10 | . . . . . . . . . 8 . . . . . . . . 2 . Garrison Access 5 | . . . . . 1 . 1 . . 1 . . . . . 1 . . 1 Terminal Hacks 13 | . 1 . 2 . . 1 . 1 . 4 1 . . . . 1 1 1 . Record 1 | . . . 1 . . . . . . . . . . . . . . . . Robot Analysis 1 | . 1 . . . . . . . . . . . . . . . . . . Prototype ID Bank 1 | . . . . . . . . . . 1 . . . . . . . . . Open Door 1 | . . . . . . . . 1 . . . . . . . . . . . Open DSF 1 | . . . . . . . . . . . . . . . . 1 . . . Level Access Points 1 | . . . . . . . . . . . . . . . . . . 1 . Branch Access Points 1 | . . . . . . . . . . 1 . . . . . . . . . Emergency Access Points 2 | . . . . . . 1 . . . . . . . . . . 1 . . Unreport Threat 1 | . . . . . . . . . . 1 . . . . . . . . . Zone Layout 1 | . . . . . . . . . . 1 . . . . . . . . . Garrison Registry 1 | . . . . . . . . . . . 1 . . . . . . . . Derelict Proto ID Bank 1 | . . . 1 . . . . . . . . . . . . . . . . Fabricator Hacks 2 | . . . . . . . 1 . 1 . . . . . . . . . . Load Schematic 1 | . . . . . . . . . 1 . . . . . . . . . . Build 1 | . . . . . . . 1 . . . . . . . . . . . . Repair Station Hacks 1 | . . . . . . . . . . . . . 1 . . . . . . Scan Component 1 | . . . . . . . . . . . . . 1 . . . . . . Recycling Unit Hacks 2 | . . . . . . . . . . . . . 2 . . . . . . Recycle Component 1 | . . . . . . . . . . . . . 1 . . . . . . Retrieve Components 1 | . . . . . . . . . . . . . 1 . . . . . . Scanalyzer 10 | . . . . . . . . . 8 . . . . . . . . 2 . Insert Component 5 | . . . . . . . . . 4 . . . . . . . . 1 . Analyze 5 | . . . . . . . . . 4 . . . . . . . . 1 . Garrison Access Hacks 5 | . . . . . 1 . 1 . . 1 . . . . . 1 . . 1 Unlock Access 4 | . . . . . 1 . 1 . . 1 . . . . . 1 . . . Seal Access 1 | . . . . . . . . . . . . . . . . . . . 1 Unauthorized Hacks 4 | . 2 . . . . . 1 . 1 . . . . . . . . . . Terminals 2 | . 2 . . . . . . . . . . . . . . . . . . Botnet 2 | . 2 . . . . . . . . . . . . . . . . . . Fabricators 2 | . . . . . . . 1 . 1 . . . . . . . . . . Prioritize 1 | . . . . . . . 1 . . . . . . . . . . . . Recompile 1 | . . . . . . . . . 1 . . . . . . . . . . Repair Stations . | . . . . . . . . . . . . . . . . . . . . Recycling Units . | . . . . . . . . . . . . . . . . . . . . Scanalyzers . | . . . . . . . . . . . . . . . . . . . . Garrison Access . | . . . . . . . . . . . . . . . . . . . . Data Cores Recovered . | . . . . . . . . . . . . . . . . . . . . Used . | . . . . . . . . . . . . . . . . . . . . Hacking Detections 29 | . 7 . . . 1 2 2 1 5 2 1 . 2 . . 1 . 2 3 Full Trace Events 1 | . 1 . . . . . . . . . . . . . . . . . . Feedback Events . | . . . . . . . . . . . . . . . . . . . . Feedback Blocked . | . . . . . . . . . . . . . . . . . . . . Robot Schematics Acquired . | . . . . . . . . . . . . . . . . . . . . Robots Built . | . . . . . . . . . . . . . . . . . . . . Authchips . | . . . . . . . . . . . . . . . . . . . . Time . | . . . . . . . . . . . . . . . . . . . . Total Robot Build Rating . | . . . . . . . . . . . . . . . . . . . . Part Schematics Acquired 5 | . . . . . . . . . 4 . . . . . . . . 1 . Parts Built . | . . . . . . . . . . . . . . . . . . . . Authchips . | . . . . . . . . . . . . . . . . . . . . Time 169 | . . . . . . . 169 . . . . . . . . . . . . Total Part Build Rating . | . . . . . . . . . . . . . . . . . . . . Parts Repaired . | . . . . . . . . . . . . . . . . . . . . Time . | . . . . . . . . . . . . . . . . . . . . Parts Recycled 1 | . . . . . . . . . . . . . 1 . . . . . . Recycled Matter . | . . . . . . . . . . . . . . . . . . . . Retrieved Matter . | . . . . . . . . . . . . . . . . . . . . Retrieved Components 3 | . . . . . . . . . . . . . 3 . . . . . . Parts Scanalyzed 5 | . . . . . . . . . 4 . . . . . . . . 1 . Part Schematics Acquired 5 | . . . . . . . . . 4 . . . . . . . . 1 . Parts Damaged . | . . . . . . . . . . . . . . . . . . . . Bothacking | -11 -10 -10 -10 -9 -8 -8 -7 -7 -7 -6 -6 -6 -5 -5 -5 -4 -4 -3 -2 ------------ Run | Yrd Mat Min Exi Min Mat Gar Fac Gar Fac Fac Gar Fac Fac Upp Upp Fac Gar Res Res Used RIF Installer 4 | . . . . . . 1 . 1 . . 1 . . . . . 1 . . Hotswap 1 | . . . . . . . . . . . . . . . . . 1 . . Command Fork 1 | . . . . . . . . . . . 1 . . . . . . . . Patrol Navigation 1 | . . . . . . . . 1 . . . . . . . . . . . Robots Hacked 3 | . . . . . . . 1 1 1 . . . . . . . . . . Non-combat 2 | . . . . . . . 1 . 1 . . . . . . . . . . Combat 1 | . . . . . . . . 1 . . . . . . . . . . . Robot Hacks Applied 10 | . . . . . . . 5 1 4 . . . . . . . . . . purge_threat 6 | . . . . . . . 4 . 2 . . . . . . . . . . summon_haulers 1 | . . . . . . . . . 1 . . . . . . . . . . formatsys_low 2 | . . . . . . . 1 . 1 . . . . . . . . . . formatsys_high 1 | . . . . . . . . 1 . . . . . . . . . . . Relay Couplers Released 31 | . . . . . . 17 . 14 . . . . . . . . . . . Machine Destruction 31 | . . . . . . 17 . 14 . . . . . . . . . . . Attached 7 | . . . . . . . 2 2 1 2 . . . . . . . . . Fabnet Peak Effective % . | . . . . . . . . . . . . . . . . . . . . Robots Rewired 7 | . . . . . . 5 . . . 2 . . . . . . . . . Allies Hacked 2 | . . . . . . 1 1 . . . . . . . . . . . . Hacks Repelled . | . . . . . . . . . . . . . . . . . . . . Allies | -11 -10 -10 -10 -9 -8 -8 -7 -7 -7 -6 -6 -6 -5 -5 -5 -4 -4 -3 -2 -------- Run | Yrd Mat Min Exi Min Mat Gar Fac Gar Fac Fac Gar Fac Fac Upp Upp Fac Gar Res Res Total Allies 15 | . . 3 . . . 5 1 3 1 2 . . . . . . . . . Largest Group 8 | . . 3 3 3 3 8 8 8 7 2 . . . . . . . . . Highest-Rated Group 177 | . . 40 40 40 40 131 133 177 131 53 . . . . . . . . . Highest-Rated Ally 41 | . . 16 16 16 16 21 21 32 32 41 . . . . . . . . . Total Orders 27 | . . . . . 2 5 7 4 9 . . . . . . . . . . STAY 15 | . . . . . 1 3 4 2 5 . . . . . . . . . . FOLLOW 12 | . . . . . 1 2 3 2 4 . . . . . . . . . . Ally Attacks 87 | . . 15 . 22 . 9 16 7 2 16 . . . . . . . . . Total Damage 1458 | . . 167 . 236 . 91 290 208 53 413 . . . . . . . . . Kills 15 | . . 5 . 2 . 1 2 2 1 2 . . . . . . . . . Allies Corrupted . | . . . . . . . . . . . . . . . . . . . . Allies Melted . | . . . . . . . . . . . . . . . . . . . . Intel | -11 -10 -10 -10 -9 -8 -8 -7 -7 -7 -6 -6 -6 -5 -5 -5 -4 -4 -3 -2 ------- Run | Yrd Mat Min Exi Min Mat Gar Fac Gar Fac Fac Gar Fac Fac Upp Upp Fac Gar Res Res Robot Analysis Total 1 | . 1 . . . . . . . . . . . . . . . . . . Derelict Logs Recovered 4 | . . 1 . 1 . . . . . . . . . 2 . . . . . Drone Launches . | . . . . . . . . . . . . . . . . . . . . Drone Recoveries . | . . . . . . . . . . . . . . . . . . . . Exploration | -11 -10 -10 -10 -9 -8 -8 -7 -7 -7 -6 -6 -6 -5 -5 -5 -4 -4 -3 -2 ------------- Run | Yrd Mat Min Exi Min Mat Gar Fac Gar Fac Fac Gar Fac Fac Upp Upp Fac Gar Res Res Turns Passed 14935 | 98 823 98 403 290 51 2093 667 1775 1121 719 993 797 637 754 84 464 544 844 1680 Spaces Moved 7447 | 42 439 47 250 163 28 990 272 740 705 472 474 467 334 415 50 244 206 413 696 Core 233 | 2 . . . . . 2 . . . . . 166 61 2 . . . . . Treads 4089 | 40 439 47 250 163 28 987 272 184 . . 87 . . 342 50 186 189 413 412 Legs 1270 | . . . . . . . . 556 119 . 48 301 246 . . . . . . Wheels 1841 | . . . . . . . . . 586 472 339 . 14 71 . 58 17 . 284 Hover . | . . . . . . . . . . . . . . . . . . . . Flight 14 | . . . . . . 1 . . . . . . 13 . . . . . . Fastest Speed 50 | 50 160 160 160 160 160 160 160 160 115 115 115 50 50 160 160 125 152 152 130 Average Speed 158 | 154 160 160 160 160 160 162 206 193 140 115 134 133 148 165 160 159 155 154 177 Slowest Speed 950 | 160 160 160 160 160 160 375 240 400 190 115 240 250 950 850 160 240 170 180 270 Overloaded Moves . | . . . . . . . . . . . . . . . . . . . . Propulsion Burnouts . | . . . . . . . . . . . . . . . . . . . . Robots Hopped . | . . . . . . . . . . . . . . . . . . . . Cave-ins Triggered . | . . . . . . . . . . . . . . . . . . . . Exploration Rate (%) 32 | 6 91 28 61 52 4 70 4 71 24 17 41 22 7 65 12 8 31 12 25 Regions Visited 19 Branch Regions 5 Pre-discovered Areas 4 | . . 1 1 1 . . . . . . . . . 1 . . . . . Known Exits Taken 5 | . . . . . 1 . 1 . . 1 . . . . . 1 . 1 . Unknown Exits Taken 10 | 1 1 1 1 1 . . . . 1 . . 1 1 1 1 . . . . Scrap Searched 4 | . . . . 1 . . . . . . . . . 2 1 . . . . Spaces Dug 32 | . . . . . . . . . . 1 . . . 1 . . 5 18 7 Terrain Destroyed 194 | . 11 . . . . . . 1 10 14 1 23 17 8 . 8 15 22 64 Melee . | . . . . . . . . . . . . . . . . . . . . Projectile 161 | . . . . . . . . 1 10 14 1 14 17 8 . 8 12 20 56 AOE 28 | . 11 . . . . . . . . . . 9 . . . . . . 8 Terrain Rammed . | . . . . . . . . . . . . . . . . . . . . Walls Destroyed . | . . . . . . . . . . . . . . . . . . . . Machines Disabled . | . . . . . . . . . . . . . . . . . . . . Actions | -11 -10 -10 -10 -9 -8 -8 -7 -7 -7 -6 -6 -6 -5 -5 -5 -4 -4 -3 -2 --------- Run | Yrd Mat Min Exi Min Mat Gar Fac Gar Fac Fac Gar Fac Fac Upp Upp Fac Gar Res Res Total 9229 | 60 503 66 254 174 34 1255 360 933 801 562 668 558 402 448 53 275 326 518 979 Wait 436 | . 7 17 . 3 . 32 65 25 10 16 43 17 5 . . 1 46 32 117 Move 7429 | 41 438 46 249 162 28 989 271 739 704 472 472 466 333 414 49 244 204 412 696 Hop . | . . . . . . . . . . . . . . . . . . . . Pick Up 153 | 6 11 . 3 . 2 25 2 17 11 7 23 4 14 6 1 1 6 3 11 Fast Attach 115 | 7 3 . . . . 23 2 7 11 1 8 3 15 4 1 6 2 3 19 Attach 73 | . . 1 . . 4 10 3 9 1 4 10 3 4 5 . . 8 4 7 Detach 12 | . 1 . . . . 1 2 1 . . . . 2 . . . 1 2 2 Swap 117 | . 3 . 1 . . 25 3 17 11 6 12 7 . 1 2 1 11 5 12 Drop 147 | . 10 . 1 . . 26 . 17 28 3 24 7 . 2 . 3 3 3 20 Fire 658 | 6 30 2 . 9 . 109 4 63 25 43 74 43 29 16 . 19 45 49 92 Melee 21 | . . . . . . 13 6 2 . . . . . . . . . . . Ram 1 | . . . . . . . . . . . . . . . . . . 1 . Kick 2 | . . . . . . . . . . . . 2 . . . . . . . Crush 8 | . . . . . . . 1 . . . . . . . . . . 4 3 Escape Stasis 44 | . . . . . . . . 36 . . 2 6 . . . . . . . Rewire 13 | . . . . . . 2 1 . . 10 . . . . . . . . . Trap . | . . . . . . . . . . . . . . . . . . . . Miscellaneous . | . . . . . . . . . . . . . . . . . . . . Route ------- -11/Scrapyard -10/Materials (discovered 5 exits: [*Mat x3] / [*Min x2]) -10/Mines (discovered 2 exits: [*Mat] / *Exi) -10/Exiles (discovered 2 exits: [*Min x2]) -9/Mines -8/Materials -8/Garrison (discovered 2 exits: *Fac x2) -7/Factory -7/Garrison (discovered 3 exits: *Fac x3) -7/Factory -6/Factory (discovered 3 exits: Low x2 / Gar) -6/Garrison (discovered 3 exits: *Fac x3) -6/Factory -5/Factory -5/Upper Caves -5/Upper Caves -4/Factory -4/Garrison -3/Research (discovered 5 exits: *Res x3 / Arm / [*Tes]) -2/Research History --------- Turn | Location | Event 25 | -11/Scrapyard | Discovered new exit (range 16) 99 | -11/Scrapyard | Entered Materials 253 | -10/Materials | Central database locked down 309 | -10/Materials | Build established: Mutant 331 | -10/Materials | Discovered new exit (range 13) 499 | -10/Materials | Discovered new exit (range 12) 545 | -10/Materials | Discovered new exit (range 14) 560 | -10/Materials | Discovered new exit (range 5) 685 | -10/Materials | Discovered new exit (range 15) 922 | -10/Materials | Entered Mines 926 | -10/Mines | Assisted by bots powering up and referring to "LRC-V3" 977 | -10/Mines | Discovered new exit (range 14) 997 | -10/Mines | Deemed a non-threat by the Exiles lab entrance 997 | -10/Mines | Discovered new exit (range 5) 1020 | -10/Mines | Entered Exiles 1020 | -10/Exiles | Accompanied by 3 allies 1041 | -10/Exiles | Discovered new exit (range 15) 1060 | -10/Exiles | Met 8R-AWN 1086 | -10/Exiles | Met EX-HEX 1145 | -10/Exiles | Met EX-BIN 1164 | -10/Exiles | Aligned with FarCom system 1166 | -10/Exiles | Given EX-Vault access code 1204 | -10/Exiles | Opened EX-Vault 1216 | -10/Exiles | Found Field Lobotomy Kit 1249 | -10/Exiles | Warned to stay clear of 0b10 Research branches 1295 | -10/Exiles | Met EX-DEC 1301 | -10/Exiles | Learned location of Zion (-7) 1411 | -10/Exiles | Discovered new exit (range 10) 1423 | -10/Exiles | Left Exiles lab with Field Lobotomy Kit 1423 | -10/Exiles | Entered Mines 1423 | -9/Mines | Accompanied by 3 allies 1660 | -9/Mines | Discovered new exit (range 9) 1713 | -9/Mines | Entered Materials 1713 | -8/Materials | Accompanied by 3 allies 1713 | -8/Materials | Evolved 4 slots: Propulsion x1, Utility x2, Weapon x1 1764 | -8/Materials | Identified exit to Garrison 1764 | -8/Materials | Entered Garrison 1764 | -8/Garrison | Accompanied by 3 allies 1786 | -8/Garrison | Triggered checkpoint 1954 | -8/Garrison | Lost 3 parts (2n1u) 2034 | -8/Garrison | Triggered checkpoint 2182 | -8/Garrison | Triggered checkpoint 2350 | -8/Garrison | Lost 4 parts (1p1n2u) 2389 | -8/Garrison | Destroyed 8 combat bots 2430 | -8/Garrison | Triggered checkpoint 2542 | -8/Garrison | Discovered new exit (range 14) 2599 | -8/Garrison | Installed Relay Interface Framework 2618 | -8/Garrison | Triggered checkpoint 2643 | -8/Garrison | Garrison Relay disabled 2686 | -8/Garrison | Build established: Scavenger-Tank 2825 | -8/Garrison | Discovered new exit (range 8) 2834 | -8/Garrison | Triggered checkpoint 2888 | -8/Garrison | Triggered checkpoint 3010 | -8/Garrison | Triggered checkpoint 3084 | -8/Garrison | Triggered checkpoint 3379 | -8/Garrison | Garrison Relay disabled 3390 | -8/Garrison | Garrison Relay disabled 3524 | -8/Garrison | Triggered checkpoint 3671 | -8/Garrison | Garrison Relay disabled 3857 | -8/Garrison | Entered Factory 3857 | -7/Factory | Accompanied by 7 allies 3857 | -7/Factory | Evolved 2 slots: Power x1, Utility x1 3872 | -7/Factory | Build established: Commander-Mutant 4477 | -7/Factory | Identified exit to Garrison 4524 | -7/Factory | Entered Garrison 4524 | -7/Garrison | Accompanied by 5 allies 4623 | -7/Garrison | Triggered checkpoint 4657 | -7/Garrison | Garrison Relay disabled 4714 | -7/Garrison | Build established: Scavenger-Tank 4825 | -7/Garrison | Rescued a captive Derelict 4826 | -7/Garrison | Rescued a captive Derelict 4936 | -7/Garrison | Triggered checkpoint 4971 | -7/Garrison | Triggered checkpoint 5015 | -7/Garrison | Lost 7 parts (1p2n2u2w) 5035 | -7/Garrison | Destroyed 11 combat bots 5082 | -7/Garrison | Triggered checkpoint 5130 | -7/Garrison | Triggered checkpoint 5178 | -7/Garrison | Triggered checkpoint 5235 | -7/Garrison | Lost 3 parts (1u2w) 5251 | -7/Garrison | Garrison Relay disabled 5319 | -7/Garrison | Build established: Scavenger-Skirmisher 5330 | -7/Garrison | Discovered new exit (range 10) 5572 | -7/Garrison | Triggered checkpoint 5721 | -7/Garrison | Discovered new exit (range 10) 5778 | -7/Garrison | Triggered checkpoint 5804 | -7/Garrison | Garrison Relay disabled 6225 | -7/Garrison | Expanded RIF knowledge: Patrol Navigation 6235 | -7/Garrison | Discovered new exit (range 12) 6238 | -7/Garrison | Triggered checkpoint 6252 | -7/Garrison | Garrison Relay disabled 6299 | -7/Garrison | Entered Factory 6299 | -7/Factory | Accompanied by 6 allies 7074 | -7/Factory | Build established: Commander-Skirmisher 7411 | -7/Factory | Discovered new exit (range 4) 7420 | -7/Factory | Entered another Factory area 7420 | -6/Factory | Evolved 2 slots: Propulsion x1, Utility x1 7478 | -6/Factory | Identified exit to Lower Caves 7709 | -6/Factory | Build established: Skirmisher 8139 | -6/Factory | Identified exit to Garrison 8139 | -6/Factory | Entered Garrison 8166 | -6/Garrison | Discovered new exit (range 64) 8166 | -6/Garrison | Discovered new exit (range 76) 8166 | -6/Garrison | Discovered new exit (range 43) 8311 | -6/Garrison | Build established: Tank 8581 | -6/Garrison | Expanded RIF knowledge: Command Fork 8640 | -6/Garrison | Spotted B-75 Beast 8652 | -6/Garrison | Destroyed B-75 Beast 8869 | -6/Garrison | Triggered checkpoint 8949 | -6/Garrison | Spotted B-75 Beast 9005 | -6/Garrison | Destroyed B-75 Beast 9032 | -6/Garrison | Lost 4 parts (1p2u1w) 9050 | -6/Garrison | Found Gamma Bomb Array 9067 | -6/Garrison | Found Gamma Bomb Array 9073 | -6/Garrison | Found Adv. Powered Armor 9132 | -6/Garrison | Entered Factory 9482 | -6/Factory | First assault squad dispatched 9802 | -6/Factory | Lost 3 parts (2u1w) 9805 | -6/Factory | Cargo convoy interrupted 9829 | -6/Factory | Core integrity fell below 50% 9844 | -6/Factory | Destroyed 9 combat bots 9867 | -6/Factory | Lost 5 parts (2p1u2w) 9898 | -6/Factory | System corruption reached 10% 9921 | -6/Factory | Discovered new exit (range 16) 9928 | -6/Factory | Core integrity fell below 20% 9929 | -6/Factory | Entered another Factory area 9929 | -5/Factory | Evolved 2 slots: Utility x2 10410 | -5/Factory | Discovered new exit (range 9) 10566 | -5/Factory | Entered Upper Caves 10668 | -5/Upper Caves | Attracted the attention of an 0b10 outpost 10759 | -5/Upper Caves | Lost 9 parts (3n4u2w) 10838 | -5/Upper Caves | Encountered a Warlord checkpoint 11070 | -5/Upper Caves | Build established: Scavenger-Gunner 11211 | -5/Upper Caves | Attracted the attention of an 0b10 checkpoint 11315 | -5/Upper Caves | Discovered new exit (range 4) 11320 | -5/Upper Caves | Entered another Upper Caves area 11364 | -5/Upper Caves | Discovered new exit (range 8) 11380 | -5/Upper Caves | System corruption reached 10% 11404 | -5/Upper Caves | Entered Factory 11404 | -4/Factory | Evolved 2 slots: Utility x2 11724 | -4/Factory | Lost 3 parts (1n2u) 11787 | -4/Factory | Build established: Scavenger-Skirmisher 11868 | -4/Factory | Identified exit to Garrison 11868 | -4/Factory | Entered Garrison 11923 | -4/Garrison | Spotted B-86 Titan 11954 | -4/Garrison | Expanded RIF knowledge: Hotswap 12190 | -4/Garrison | Destroyed B-86 Titan 12220 | -4/Garrison | Lost 3 parts (2n1u) 12270 | -4/Garrison | Found Hvy. Reflective Plating 12395 | -4/Garrison | Discovered new exit (range 11) 12412 | -4/Garrison | Entered Research 12412 | -3/Research | Evolved 2 slots: Utility x2 12413 | -3/Research | Identified exit to Armory 12518 | -3/Research | Spotted B-86 Titan 12724 | -3/Research | Discovered new exit (range 11) 12815 | -3/Research | Identified exit to Research 13027 | -3/Research | Build established: Scavenger-Tank 13243 | -3/Research | System corruption reached 10% 13256 | -3/Research | Entered another Research area 13256 | -2/Research | Evolved 2 slots: Propulsion x2 13282 | -2/Research | Lost 9 parts (1p3n3u2w) 13760 | -2/Research | Build established: Scavenger-Skirmisher 13977 | -2/Research | Spotted B-90 Cyclops 13993 | -2/Research | Destroyed B-90 Cyclops 14014 | -2/Research | Destroyed 7 combat bots 14228 | -2/Research | Build established: Scavenger-Tank 14756 | -2/Research | First assault squad dispatched 14769 | -2/Research | Found Quantum Capacitor 14838 | -2/Research | System corruption reached 10% 14874 | -2/Research | Lost 4 parts (4u) 14884 | -2/Research | Destroyed 9 combat bots 14936 | -2/Research | Self-destructed Last Messages --------------- 14929_ R-10 Processor collects Corrupted Unknown Energy Gun. 14930_ U-05 Engineer lays Concrete. 14931_ K-01 Serf collects debris. 14931_ U-05 Engineer lays Concrete. 14932_ U-05 Engineer builds a Wall. 14933_ Destroyed Imp. Melee Analysis Suite. 14933_ Adv. Heavy Siege Treads destroyed. 14933_ U-05 Engineer lays Concrete. 14933_ R-10 Processor collects Corrupted Myomer Leg. 14934_ 8,WXH<6FWPNQD Y082TDL|5 6B/HDPH GCVD 14934_ C-57 Dissector destroyed. 14934_ K-01 Serf collects debris. 14934_ U-05 Engineer lays Concrete. 14934_ Slug penetrates K-01 Serf. 14934_ K-01 Serf destroyed. 14935_ U-05 Engineer lays Concrete. 14935_ C-57 Dissector destroyed. 14936_ Acquired 20 matter. Map ----- +----------------------------------------------------+ | ???????????? # ] ]######+########??????? | | ?????????? ""?# #??????? | | ?????????? "??# #??????? | | ????????????????# # """"? | | ????????????????# # " | | ????????????????###########+########## # | | ??????????????????????????? ????????# #???? | | ??????????????????????????? ????????# ######## | | ??????????????????????????? ????????# | | ??????????????????????????? ????????# | | ??????????????????????????? ????????# | | ????????????????????##########???????# | | ??????????########### = #???########+######+# | | ?????????? # ????# #?????? | | ??????????? # "" *#???# #?????? | | ???????????? # ^ "" ????# """#?????? | | ???????????? # Y" ?+ + """#?????? | | ?????????????""" [! # "" ##### """#?????? | | ??????????????"" % # ^ "" #???# #?????? | | ???#???????????? ; ????# #?????? | | ???# ??????######;#; ? ?????# #?????? | | ???# #####; =[;;;;##+########+############### | | ???# *%! =[=! h h | | ???# % %=*=%[kR ! %!%== | | ???# [%[[==[%s%t =!= | | ???# %=%u!%%s=@! " | | #???########+#####u%%=;/c=#################### " | | ??# [#= !]# #?????????????????" | | ? ]?# #*! # #?????????????????? | | ?? ?# # # ! = #?????????????????? | | ?? # # #= #?????????????????? | | ???/# ] # # """#?????????????????? | | ?? / # # """#?????????????????? | | ? # # # """#?????????????????? | | ????# # # #?????????????????? | | ????# # # =#?????????????????? | | ????# ?# ##########?????????????????? | | ????# ??# #??????????????????????????? | | ???# ???# #??????????????????????????? | | ???##### ###??# #??????????????????????????? | | ????# =% #??# #????#########?????????????? | | [/???# #??# #?? #?????????????? | | !/ ??# #?## # #?????????????? | | ! ### = #?## + #?????????????? | | %%% ## # # #?????????????? | | ## +######## #?? #?????????????? | | % #??#?#########?????????????? | | # #/#########+##### #??????????????????????? | | #=%%==!# #??????????????????????? | | ###+### [!= # #??????????????????????? | +----------------------------------------------------+ Best States ------------- Heat Dissipation 144 Coolant Potential 80 Energy Generation 57 Energy Capacity 610 Matter Stores 400 Matter Capacity 400 Sight Range 22 Robot Scan Range 16 Terrain Scan Range 20 Terrain Scan Density 210 Power Amplification 30 EM Shielding 3 Armor Coverage 1200 Resistance: KI 30 Resistance: TH 30 Resistance: EM 25 Propulsion Shielding 66 Phase Shifting 10 Evasion (%) 55 Targeting Accuracy 13 Recoil Reduction 6 Matter Filtering 30 Kinecelleration 30 Relay Coupler Types 2 Relay Coupler Value 56 Authchip Count 1 Item Schematics ----------------- Imp. Medium Armor Plating | -7/Factory | Scanalyzed Magnetic Acceleration Cannon | -7/Factory | Scanalyzed Datajack | -7/Factory | Scanalyzed Imp. Light Armor Plating | -7/Factory | Scanalyzed Lrn. Tractor Beam | -3/Research | Scanalyzed Robot Schematics ------------------ None Fabricated ------------ Nothing Alien Tech Used ----------------- None Achievements -------------- None Challenges ------------ None Game ------ Seed HoverMicrowarpRedistributor Manual? 0 Play Time 01:49:07 Cumulative 350.6 hours Start 2024.05.12 @ 20:46:43 End 2024.05.12 @ 22:39:59 Sessions 1 Manual Loads 0 Difficulty Rogue Special Mode None Game No. 256 Rogue 256 Adventurer 0 Explorer 0 Win Type - Total 13 Types 8/0/4/1/0/0/0/0/0 Lore% 80 Gallery% 88 Achievement% 75 Wizard Run 0 Options --------- Layout 2 ASCII 1 Keyboard 0 Movement Mouse Keybinds 0 Fullscreen 2 Font 24/Smallcaps Map View 50x44 Zoom Use 0% Tactical HUD 1 Map Filters NONE Filters NONE Steam 1 RUN: 59f4d56c-0ae5-477b-89c1-b665eba36009